 Dungeon Crawl Stone Soup version 0.31-a0-1074-g0b22e4e0f1 (webtiles) character file.

Game seed: 10792097821703437517

72 Firecrotchwizard the Chopper (level 4, -3/41 HPs)
             Began as a Hill Orc Monk on Nov 30, 2023.
             Slain by Terence
             ... wielding a +0 flail
              (7 damage)
             ... on level 3 of the Dungeon.
             The game lasted 00:02:57 (1297 turns).

Firecrotchwizard the Chopper (Hill Orc Monk)        Turns: 1297, Time: 00:02:58

Health: -3/41      AC:  5    Str: 15    XL:     4   Next: 26%
Magic:  4/4        EV: 11    Int: 10    God:
Gold:   122        SH:  0    Dex: 13    Spells: 3/3 levels left

rFire   . . .        a - +0 hand axe
rCold   . . .        d - orb {light}
rNeg    . . .        m - +0 ring mail
rPois   .            (no helmet)
rElec   .            (no cloak)
rCorr   .            (no gloves)
SInv    .            (no boots)
Will    .....        (no amulet) Stlth
                     (no ring)
HPRegen 0.26/turn    (no ring)
MPRegen 0.09/turn

%: no passive effects
@: confused, ambrosia-drunk, glowing
A: no striking features
a: no special abilities


You were on level 3 of the Dungeon.
You visited 1 branch of the dungeon, and saw 3 of its levels.

You collected 122 gold pieces.

Inventory:

Hand Weapons
 a - a +0 hand axe (weapon)
Armour
 b - a +0 robe
 d - an orb of light (worn)
 i - a +0 chain mail
 j - a +0 leather armour
 m - a +0 ring mail (worn)
Jewellery
 o - an amulet of guardian spirit
Scrolls
 e - a scroll of fear {unknown}
 g - a scroll of teleportation {unknown}
 l - a scroll of identify {unknown}
Potions
 f - a potion of invisibility {unknown}
 h - a potion of brilliance {unknown}
 k - a potion of enlightenment {unknown}
 n - a potion of mutation {unknown}
 p - a potion of attraction {unknown}
 q - a potion of curing {unknown}


   Skills:
 + Level 4.5 Fighting
 * Level 5.8 Axes
 - Level 2.4 Dodging


You had 3 spell levels left.
You didn't know any spells.
Your spell library contained the following spells:

 Spells                   Type           Power      Damage    Failure   Level
 Inner Flame              Hex/Fire       0%         N/A       92%         3
 Flame Wave               Conj/Fire      0%         2d4       100%        4
 Sticky Flame             Conj/Fire      0%         2d3       100%        4


Dungeon Overview and Level Annotations

Branches:
Dungeon (3/15)

Altars:
Qazlal

Annotations:
D:3 Terence


Message History

You kill the jackal!
No target in view!
No target in view!
No target in view!
No target in view!
No target in view!
No target in view!
No target in view!
No target in view!
No target in view!
No target in view!
No target in view!
You see here a jackal corpse.
You see here a jackal corpse.
Found a stormy altar of Qazlal.
There is a stormy altar of Qazlal here.
A rat comes into view.
A rat is nearby!
You completely miss the rat. The rat closely misses you.
You hit the rat.
You kill the rat!
No target in view!
You pick up a book of Flames and begin reading...
You add the spells Inner Flame, Sticky Flame and Flame Wave to your library.
You open the door.
There is an open door here.
Terence is nearby!
Terence shouts!
Terence looks scornfully at you.
You hit Terence but do no damage. Terence barely misses you.
You hit Terence but do no damage. Terence hits you with a +0 flail.
You hit Terence.
Terence is moderately wounded.
Terence closely misses you.
You hit Terence.
Terence is heavily wounded.
Terence hits you with a +0 flail.
You barely miss Terence.
Terence is heavily wounded.
Terence barely misses you.
You hit Terence but do no damage.
Terence is heavily wounded.
Terence barely misses you.
You hit Terence but do no damage.
Terence is heavily wounded.
Terence hits you with a +0 flail.
You hit Terence but do no damage.
Terence is heavily wounded.
Terence hits you with a +0 flail!
You hit Terence.
Terence is severely wounded.
Terence hits you with a +0 flail.
You hit Terence but do no damage.
Terence is severely wounded.
Terence hits you with a +0 flail.
* * * LOW HITPOINT WARNING * * *
You are too injured to fight recklessly!
You are too injured to fight recklessly!
You are too injured to fight recklessly!
You hit Terence but do no damage.
Terence is severely wounded.
Terence closely misses you.
You hit Terence but do no damage.
Terence is severely wounded.
Terence closely misses you.
You hit Terence but do no damage.
Terence is severely wounded.
Terence hits you but does no damage.
You hit Terence but do no damage.
Terence is severely wounded.
Terence closely misses you.
You hit Terence but do no damage.
Terence is severely wounded.
Terence hits you with a +0 flail!
* * * LOW HITPOINT WARNING * * *
You hit Terence.
Terence is severely wounded.
Terence hits you with a +0 flail!
* * * LOW HITPOINT WARNING * * *
You barely miss Terence.
Terence is severely wounded.
Terence screams, "I want your blood!" Terence barely misses you.
You hit Terence but do no damage.
Terence is severely wounded.
Terence misses you.
You hit Terence but do no damage.
Terence is severely wounded.
Terence closely misses you.
You hit Terence but do no damage.
Terence is severely wounded.
Terence completely misses you.
You barely miss Terence.
Terence is severely wounded.
Terence hits you with a +0 flail.
* * * LOW HITPOINT WARNING * * *
You are confused.
You feel invigorated. Terence hits you with a +0 flail!
You die...
Terence says, "Rest in peace."

## #... .###.### ##....≈#
###########
##.....####.........#
...._.....#.#######.# #
##.....##.#.#.....#'#.#.##
.#....°#...................
####.######...........#.###
#### #..# ###...@.....# ...
...## #..@......# ######.
..## ##........# #....#. ..
..###.#+#.# #....#. .
######.###.# .# #.####.#.
#........#.# .# #...†.)#.
#....#.#.#.# .######.#.
########.##.#.#.#.#
..........
..............#.#.#
###.....##


You could see Terence.

Vanquished Creatures
  An adder (D:2)
  A river rat (D:3)
  2 dart slugs
  2 orcs (D:3)
  9 ball pythons
  4 bats
  4 giant cockroaches
  4 goblins
  3 hobgoblins
  3 jackals (D:3)
  2 kobolds (D:1)
  2 quokkas
  A frilled lizard (D:2)
  7 rats
45 creatures vanquished.

Notes
Turn   | Place    | Note
-------+----------+-------------------------------------------
     0 | D:1      | Firecrotchwizard the Hill Orc Monk began the quest for the
                  | Orb.
     0 | D:1      | Reached XP level 1. HP: 19/19 MP: 1/1
   172 | D:1      | Reached XP level 2. HP: 25/27 MP: 2/2
   470 | D:2      | Reached skill level 5 in Axes
   540 | D:2      | Reached XP level 3. HP: 33/33 MP: 3/3
   610 | D:3      | Found a glowing drain.
   669 | D:3      | Noticed Terence
   835 | D:2      | Reached XP level 4. HP: 40/41 MP: 4/4
  1058 | D:3      | Noticed a centaur
  1235 | D:3      | Found a stormy altar of Qazlal.
  1296 | D:3      | HP: 1/41 [Terence/+0 flail (5)]
  1297 | D:3      | Slain by Terence

Illustrated notes

Levels and vault maps discovered:
D:1:      shiori_arrival_maze, layout_basic, minmay_heptomino_l4
D:2:      layout_loops_ring, minmay_strange_pillars
D:3:      layout_basic, grunt_qazlal_clouds, portal_sewer_entry_a, uniq_terence

Skill      XL: |  1  2 |
---------------+-------+-----
Fighting       | 4 |  4.5
Axes           | 5 |  5.8
Dodging        | |  2.4

Action                     |  1- 3 |  4- 6 || total
---------------------------+-------+-------++-------
  Melee: Hand axe          |    82 |    48 ||   130
    Use: Potion            |       |     1 ||     1
 Armour: Robe              |    11 |       ||    11
         Leather armour    |     2 |       ||     2
         Ring mail         |    28 |    24 ||    52
  Dodge: Dodged            |    52 |    22 ||    74

Table legend: (Time is in decaauts)
 A = Elapsed time spent in this place.
 B = Non-inter-level travel time spent in this place.
 C = Inter-level travel time spent in this place.
 D = Time resting spent in this place.
 E = Time spent auto-exploring this place.
 F = Levels seen in this place.
 G = Mean time per level.
                   A        B        C        D        E       F      G
               +--------+--------+--------+--------+--------+-----+--------+
         Total |   1301 |   1207 |     94 |    105 |    768 |   3 |  433.7 |
       Dungeon |   1301 |   1207 |     94 |    105 |    768 |   3 |  433.7 |
               +--------+--------+--------+--------+--------+-----+--------+

Top non-repeatable levels by time:
     D:3: 513 daAuts
     D:1: 462 daAuts
     D:2: 325 daAuts
